 Dungeon Crawl Stone Soup version 0.30.0-13-g156ef70053 (webtiles) character file.

Game seed: 101708898072273186

96 Hubris850 the Digger (level 4, -2/26 HPs)
             Began as a Gargoyle Earth Elementalist on May 17, 2023.
             Slain by a gnoll
             ... wielding a +0 spear
              (5 damage)
             ... on level 3 of the Dungeon.
             The game lasted 00:04:18 (1876 turns).

Hubris850 the Digger (Gargoyle Earth Elementalist)  Turns: 1876, Time: 00:04:19

Health: -2/26      AC:  6    Str: 17    XL:     4   Next: 67%
Magic:  1/7        EV: 10    Int: 18    God:
Gold:   111        SH: 12    Dex: 10    Spells: 6/7 levels left

rFire   . . .        i - +0 dagger
rCold   . . .        d - +0 kite shield
rNeg    + . .        a - +0 robe
rPois   ∞            (no helmet)
rElec   +            (no cloak)
rCorr   .            (no gloves)
SInv    .            m - +0 pair of boots
Will    .....        h - amulet of reflection
Stlth   +            g - +6 ring of strength
HPRegen 0.24/turn    (no ring)
MPRegen 0.10/turn

%: reflection
@: very slow
A: sickness immunity, AC +3, negative energy resistance 1, electricity
resistance, torment resistance 1, petrification resistance
a: no special abilities


You were on level 3 of the Dungeon.
You visited 1 branch of the dungeon, and saw 3 of its levels.

You collected 111 gold pieces.

Inventory:

Hand Weapons
 i - a +0 dagger (weapon)
Missiles
 j - 5 boomerangs
Armour
 a - a +0 robe (worn)
 d - a +0 kite shield (worn)
 m - a +0 pair of boots (worn)
Jewellery
 g - a +6 ring of strength (left hand)
 h - an amulet of reflection (around neck)
 l - the amulet of Hient {rF+ rN+ Regen+ Int-5}
   (You found it on level 2 of the Dungeon)

   [amulet of regeneration]

   Int:       It affects your intelligence (-5).
   rF:        It protects you from fire.
   rN:        It protects you from negative energy.
   Regen:     It increases your rate of health regeneration.
Scrolls
 c - 2 scrolls of vulnerability {unknown}
 e - 5 scrolls of identify {unknown}
 f - a scroll of poison {unknown}
 k - 2 scrolls of noise {unknown}
Potions
 b - a potion of magic


   Skills:
 + Level 1.7 Fighting
 + Level 1.8 Armour
 + Level 2.2 Dodging
 - Level 3.0 Stealth
 + Level 1.9 Shields
 - Level 2.0 Spellcasting
 - Level 0.7 Transmutations
 - Level 3.6 Earth Magic


You had 6 spell levels left.
You knew the following spells:

 Your Spells              Type           Power      Damage    Failure   Level
a - Sandblast             Erth           28%        2d8       12%         1

Your spell library contained the following spells:

 Spells                   Type           Power      Damage    Failure   Level
 Passwall                 Tmut/Erth      7%         N/A       32%         2
 Stone Arrow              Conj/Erth      16%        3d8       61%         3
 Petrify                  Tmut/Erth      9%         N/A       91%         4


Dungeon Overview and Level Annotations

Branches:
Dungeon (2/15)

Altars:

Annotations:
D:2 Sigmund


Innate Abilities, Weirdness & Mutations

You are immune to sickness and miasma.
Your stone body is resilient. (AC +3)
You are immune to poison.
You resist negative energy. (rN+)
You are resistant to electric shocks. (rElec)
You are resistant to unholy torment.
You are immune to petrification.


Message History

The gnoll is heavily wounded.
The gnoll splashes around in the water.
The gnoll barely misses you.
Your magical contamination has completely faded away.
You are out of magic!
You are out of magic!
The gnoll splashes around in the water. x2; The gnoll closely misses you.
You block the gnoll's attack. The gnoll barely misses you.
You hit the gnoll.
The gnoll is heavily wounded.
The gnoll splashes around in the water.
The gnoll barely misses you.
The gnoll splashes around in the water. x2
You hit the gnoll but do no damage.
The gnoll is heavily wounded.
The gnoll hits you with a +0 spear. The gnoll hits you with a +0 halberd.
You block the gnoll's attack.
You hit the gnoll.
The gnoll is severely wounded.
The gnoll misses you. The gnoll hits you with a +0 halberd!
* * * LOW HITPOINT WARNING * * *
The gnoll hits you from afar with a +0 spear.
* * * LOW HITPOINT WARNING * * *
You are too injured to fight recklessly!
You are too injured to fight recklessly!
You are too injured to fight recklessly!
You are too injured to fight recklessly!
You completely miss the gnoll.
The gnoll is severely wounded.
You block the gnoll's attack.
The gnoll splashes around in the water.
The gnoll barely misses you.
You hit the gnoll.
The gnoll is almost dead.
The gnoll hits you with a +0 spear.
* * * LOW HITPOINT WARNING * * *
The gnoll closely misses you. You block the gnoll's attack.
The gnoll barely misses you.
You hit the gnoll.
You kill the gnoll!
You hear a splash.
The gnoll splashes around in the water.
The gnoll hits you with a +0 spear.
You die...

#~~~#
#~~~##
#~#~~#
#~#~~##
####~~#
#~~#
#~~#
#~##
#@#
#)g#
#g~#
~~##
~~~
..~#
...~
....#


You could see 2 gnolls.

Vanquished Creatures
  6 gnolls
  An adder (D:2)
  A worm (D:2)
  2 dart slugs (D:1)
  A ball python (D:1)
  A bat (D:2)
  2 endoplasms
  A giant cockroach (D:2)
  A goblin (D:1)
  4 hobgoblins (D:1)
  2 jackals (D:2)
  3 quokkas
  2 frilled lizards (D:1)
  2 kobolds (D:2)
  4 rats (D:2)
33 creatures vanquished.

Notes
Turn   | Place    | Note
-------+----------+-------------------------------------------
     0 | D:1      | Hubris850 the Gargoyle Earth Elementalist began the quest
                  | for the Orb.
     0 | D:1      | Reached XP level 1. HP: 10/10 MP: 3/3
   217 | D:1      | Reached XP level 2. HP: 16/16 MP: 3/5
   843 | D:2      | Reached skill level 1 in Fighting
   860 | D:2      | Reached skill level 1 in Armour
   872 | D:2      | Reached skill level 1 in Shields
   942 | D:2      | Reached XP level 3. HP: 20/20 MP: 1/6
  1177 | D:2      | Reached XP level 4. HP: 8/25 MP: 1/7
  1555 | D:2      | Noticed Sigmund
  1654 | D:2      | Identified the amulet of Hient {rF+ rN+ Regen+ Int-5}
  1847 | D:2      | You fall into a shaft and drop 1 floor!
  1876 | D:3      | Slain by a gnoll

Illustrated notes

Levels and vault maps discovered:
D:1:      dpeg_arrival_rooms_b, layout_basic
D:2:      layout_loops_ring, uniq_sigmund
D:3:      layout_rooms, dancing_weapons_uskayaw, serial_rivers,
          chequers_serial_rivers_micro_b, chequers_serial_rivers_small_a,
          chequers_serial_rivers_large_b, chequers_serial_rivers_micro_a,
          chequers_serial_rivers_micro_c, uniq_ijyb

Skill      XL: |  1  2  3  4 |
---------------+-------------+-----
Fighting       | 1 |  1.7
Armour         | 1 |  1.8
Shields        | 1 |  1.9
Dodging        | 2 |  2.2
Stealth        | 3 |  3.0
Spellcasting   | |  2.0
Transmutations | |  0.7
Earth Magic    | |  3.6

Action                     |  1- 3 |  4- 6 || total
---------------------------+-------+-------++-------
  Melee: Unarmed           |     3 |       ||     3
         Dagger            |     6 |    28 ||    34
   Cast: Sandblast         |    40 |    17 ||    57
    Use: Potion            |       |     2 ||     2
 Armour: Robe              |     5 |     5 ||    10
  Dodge: Dodged            |     9 |    16 ||    25
  Block: Kite shield       |    16 |    16 ||    32
